 Dungeon Crawl Stone Soup version 0.25-a0-1079-g858b6a6ff6 (webtiles) character file.

Game seed: 14309960917246306004, levelgen mode: deterministic

1798 wullow the Stinger (level 8, -1/58 HPs)
             Began as a Demonspawn Venom Mage on May 15, 2020.
             Slain by a kobold zombie (3 damage)
             ... in an ossuary.
             The game lasted 00:27:30 (8380 turns).

wullow the Stinger (Demonspawn Venom Mage)          Turns: 8380, Time: 00:27:31

Health: -1/58      AC:  3    Str:  9    XL:     8   Next: 83%
Magic:  9/23       EV: 12    Int: 17    God:
Gold:   281        SH:  0    Dex: 15    Spells: 6/15 levels left

rFire    + . .     SeeInvis .   e - +1 dagger
rCold    . . .     Gourm    .   (no shield)
rNeg     . . .     Faith    .   r - +0 leather armour
rPois    .         Spirit   .   (no helmet)
rElec    .         Reflect  .   (no cloak)
rCorr    .         Harm     .   (no gloves)
MR       .....                  (no boots)
Stlth    +++.......             (no amulet)
HPRegen  0.19/turn              m - ring of magical power
MPRegen  0.18/turn              E - ring of protection from fire

@: marked
A: talons 1, demonic guardian 2, nightstalker 1, sturdy frame 2
a: no special abilities


You were in an ossuary.
You were very hungry.

You visited 1 branch of the dungeon, and saw 7 of its levels.
You also visited: Ossuary.

You collected 361 gold pieces.
You spent 80 gold pieces at shops.

Inventory:

Hand Weapons
 e - a +1 dagger (weapon)
 x - a cursed -2 hunting sling
Missiles
 f - 6 curare-tipped darts (quivered)
 g - 137 stones
 i - 80 bolts
 n - 40 poisoned darts
 o - 79 sling bullets
 y - 27 arrows
Armour
 r - a +0 leather armour (worn)
Jewellery
 m - a ring of magical power (left hand)
 C - a +4 ring of protection
 E - a ring of protection from fire (right hand)
 F - an uncursed ring of protection from cold
Wands
 j - a wand of flame (12)
 B - a wand of digging (10)
Scrolls
 a - a scroll of teleportation
 b - 2 scrolls of enchant weapon
 k - a scroll of magic mapping
 p - a scroll of remove curse
 u - 3 scrolls of amnesia
 w - a scroll of fog
Potions
 d - 2 potions of mutation
 h - a potion of brilliance
 l - 2 potions of stabbing
 q - 3 potions of flight
 s - a potion of might
 t - a potion of lignification {unknown}
 z - a potion of cancellation {unknown}
 A - 2 potions of invisibility
 D - a potion of degeneration {unknown}
Comestibles
 c - 9 rations


   Skills:
 + Level 3.0 Fighting
 - Level 1.7 Dodging
 - Level 1.7 Stealth
 + Level 4.4 Spellcasting
 - Level 4.0 Conjurations
 - Level 4.0 Transmutations
 - Level 4.0 Fire Magic
 - Level 4.0 Air Magic
 + Level 5.3 Poison Magic


You had 6 spell levels left.
You knew the following spells:

 Your Spells              Type           Power        Failure   Level  Hunger
a - Sting                 Tmut/Pois      ###.         2%          1    None
b - Poisonous Vapours     Pois/Air       ###...       3%          2    ##.....
c - Mephitic Cloud        Conj/Pois/Air  ###.....     8%          3    ###....
d - Ignite Poison         Fire/Tmut/Pois ###.....     8%          3    ###....

Your spell library contained the following spells:

 Spells                   Type           Power        Failure   Level  Hunger
 Olgreb's Toxic Radiance  Pois           ###.....     17%         4    ####...


Dungeon Overview and Level Annotations

Branches:
Dungeon (7/15)             Temple (0/1) D:7         Ossuary (1/1)

Altars:
Makhleb

Shops:
D:4 *   D:5 *


Innate Abilities, Weirdness & Mutations

You have sharp toenails.
A demonic guardian rushes to your aid.
You are slightly more attuned to the shadows.
Your movements are less encumbered by armour. (ER -4)


Message History

The ball explodes into a vile cloud!
The stinking cloud engulfs the rat zombie but does no damage.
The stinking cloud engulfs the human zombie but does no damage.
The human zombie is almost destroyed.
Casting: Mephitic Cloud (dangerous; 8% risk of failure)
Confirm with . or Enter, or press ? or * to list all spells.
You ignite the poison in your surroundings!
You are feeling very hungry.
The big kobold zombie is engulfed in blazing flames.
You destroy the big kobold zombie!
The human zombie is engulfed in blazing flames.
You destroy the human zombie!
Your Fighting skill increases to level 3!
The rat zombie bites you but does no damage.
The kobold zombie is engulfed in blazing flames.
You destroy the kobold zombie!
The kobold zombie hits you.
* * * LOW HITPOINT WARNING * * *
The kobold zombie hits you.
You die...

#.ZM# # #Z..# #
#...# # #...# #
#...# ....# #
#...# .... # #...#
#..# # #...# #..#
# #@..# #^.# #
#ZZ.######..######
#......M..........
#....°.°.8..8.....
#.....°...........
#....°.°..........
##################


You could see a rat zombie and a kobold zombie.

Vanquished Creatures
  Grinder (D:6)
  A necrophage (D:6)
  An ogre (D:4)
  A scorpion (D:4)
  A water moccasin skeleton (D:5)
  2 killer bees (D:7)
  A howler monkey (D:3)
  A crimson imp (D:6)
  2 human zombies (Ossuary)
  A bullfrog skeleton (D:4)
  3 hounds
  Terence (D:2)
  Ijyb (D:3)
  7 worker ants
  2 iguanas
  A big kobold zombie (Ossuary)
  A mummy (Ossuary)
  A worker ant zombie (D:5)
  5 gnolls
  7 adders
  A shadow imp (D:5)
  An adder skeleton (D:6)
  2 adder zombies (Ossuary)
  3 worms
  2 dart slugs (D:2)
  3 leopard geckos
  10 orcs
  A ball python (D:4)
  8 giant cockroaches
  11 goblins
  9 hobgoblins
  6 jackals
  2 quokkas (D:2)
  12 bats
  3 frilled lizards
  A goblin zombie (Ossuary)
  5 hobgoblin zombies (Ossuary)
  A jackal zombie (Ossuary)
  7 kobolds
  5 kobold zombies (Ossuary)
  A leopard gecko skeleton (D:4)
  A leopard gecko zombie (D:5)
  7 orc zombies (Ossuary)
  10 rats
153 creatures vanquished.

Vanquished Creatures (collateral kills)
  Sigmund (D:3)
  Edmund (D:6)
  A water moccasin (D:6)
  An elf zombie (Ossuary)
  Blork the orc (D:4)
  A gnoll sergeant (D:7)
  An orc priest (D:7)
  2 gnolls (D:7)
  A worm (D:4)
  A leopard gecko (D:3)
  A ball python skeleton (D:4)
  2 hobgoblin zombies (Ossuary)
  2 kobold zombies (Ossuary)
  An orc zombie (Ossuary)
17 creatures vanquished.

Grand Total: 170 creatures vanquished

Notes
Turn   | Place    | Note
-------+----------+-------------------------------------------
     0 | D:1      | wullow the Demonspawn Venom Mage began the quest for the
                  | Orb.
     0 | D:1      | Reached XP level 1. HP: 13/13 MP: 3/3
    51 | D:1      | Reached skill level 1 in Transmutations
   312 | D:1      | Gained mutation: A weak demonic guardian rushes to your
                  | aid. [demonic ancestry]
   312 | D:1      | Reached XP level 2. HP: 19/19 MP: 0/5
   324 | D:1      | Learned a level 2 spell: Poisonous Vapours
   925 | D:2      | Gained mutation: Your movements are slightly less
                  | encumbered by armour. (ER -2) [demonic ancestry]
   925 | D:2      | Reached XP level 3. HP: 22/24 MP: 4/6
  1112 | D:2      | Reached skill level 1 in Air Magic
  1205 | D:2      | Noticed Terence
  1211 | D:2      | Killed Terence
  1311 | D:2      | Reached XP level 4. HP: 30/30 MP: 5/7
  1411 | D:2      | Learned a level 3 spell: Mephitic Cloud
  1658 | D:2      | Found a burning altar of Makhleb.
  2555 | D:3      | Reached skill level 1 in Conjurations
  2780 | D:3      | Gained mutation: A demonic guardian rushes to your aid.
                  | [demonic ancestry]
  2780 | D:3      | Reached XP level 5. HP: 35/35 MP: 4/9
  2838 | D:3      | Noticed Sigmund
  2842 | D:3      | Killed Sigmund
  3024 | D:3      | Learned a level 3 spell: Ignite Poison
  3125 | D:3      | Noticed Ijyb
  3144 | D:3      | Killed Ijyb
  3385 | D:3      | Gained mutation: You have sharp toenails. [demonic
                  | ancestry]
  3385 | D:3      | Reached XP level 6. HP: 41/41 MP: 5/10
  4309 | D:4      | Reached skill level 1 in Fire Magic
  4513 | D:4      | Noticed Blork the orc
  4686 | D:4      | Killed Blork the orc
  4686 | D:4      | Reached skill level 4 in Poison Magic
  4791 | D:3      | Gained mutation: Your movements are less encumbered by
                  | armour. (ER -4) [demonic ancestry]
  4791 | D:3      | Reached XP level 7. HP: 40/46 MP: 8/11
  5651 | D:4      | Found Ysetrol's General Store.
  5654 | D:4      | Bought a potion of curing for 30 gold pieces
  5654 | D:4      | Bought a scroll of fog for 20 gold pieces
  5654 | D:4      | Bought a scroll of teleportation for 30 gold pieces
  5963 | D:5      | Entered Level 5 of the Dungeon
  6560 | D:5      | Found Egruzuh's General Store.
  6911 | D:6      | Gained mutation: You are slightly more attuned to the
                  | shadows. [demonic ancestry]
  6911 | D:6      | Reached XP level 8. HP: 53/53 MP: 12/13
  7345 | D:6      | Noticed Edmund
  7350 | D:6      | Killed Edmund
  7350 | D:6      | Reached skill level 1 in Fighting
  7442 | D:6      | Noticed Grinder
  7446 | D:6      | Paralysed by Grinder for 5 turns
  7447 | D:6      | Killed Grinder
  8049 | D:7      | Reached skill level 5 in Poison Magic
  8087 | D:7      | Found a sand-covered staircase.
  8094 | Ossuary  | Entered an ossuary
  8361 | Ossuary  | HP: 2/57 [human zombie (6)]
  8367 | Ossuary  | HP: 2/57 [human zombie (1)]
  8379 | Ossuary  | HP: 2/58 [kobold zombie (2)]
  8380 | Ossuary  | Slain by a kobold zombie

Illustrated notes

Levels and vault maps discovered:
D:1:      minmay_arrival_checkered_box, layout_rooms
D:2:      layout_basic, makhleb_blood_cavern_becter, uniq_terence
D:3:      layout_loops_corners, first_ration, uniq_sigmund, uniq_ijyb
D:4:      layout_rooms, serial_shops, nicolae_shop_behind_doors,
          uniq_blork_the_orc
D:5:      layout_loops_cross, serial_shops, shop
D:6:      layout_basic, uniq_grinder, uniq_edmund
D:7:      layout_loops_cross, minmay_temple_entry_slanted,
          chequers_ossuary_entry_cave, the_bakery
Ossuary:  ossuary_tomb_1

Skill      XL: |  1  2  3  4  5  6  7  8 |
---------------+-------------------------+-----
Transmutations | 1 2 3 4 |  4.0
Air Magic      | 1 2 3 4 |  4.0
Conjurations   | 1 2 3 4 |  4.0
Spellcasting   | 3 4 |  4.4
Fire Magic     | 1 2 4 |  4.0
Poison Magic   | 4 5 |  5.3
Fighting       | 3 |  3.0
Dodging        | |  1.7
Stealth        | |  1.7

Action                   |  1- 3 |  4- 6 |  7- 9 || total
-------------------------+-------+-------+-------++-------
Melee: Dagger            |    28 |   145 |   147 ||   320
       Kick              |       |    13 |    43 ||    56
Throw: Dart              |     1 |       |       ||     1
 Cast: Sting             |    53 |    95 |    56 ||   204
       Poisonous Vapours |       |     4 |    36 ||    40
       Mephitic Cloud    |       |       |    11 ||    11
       Ignite Poison     |       |       |     9 ||     9
  Use: Scroll            |       |    11 |     3 ||    14
       Potion            |       |     1 |     4 ||     5
 Stab: Sleeping          |     1 |     4 |     2 ||     7
       Invisible         |       |       |     3 ||     3
  Eat: Chunk             |     2 |    10 |     8 ||    20
       Ration            |       |       |     2 ||     2
Armor: Robe              |    22 |    13 |       ||    35
       Leather armour    |       |    17 |    44 ||    61
Dodge: Dodged            |    35 |   106 |   167 ||   308

Table legend:
 A = Non-vault XP
 B = Vault XP
 C = Vault XP percentage of total XP
 D = Non-vault monster count
 E = Vault monster count
 F = Vault count percentage of total count
                 A         B        C        D         E       F
            +---------+---------+-------+---------+---------+-------
      Total |    1669 |     900 |  35.0 |     132 |      38 |  22.4
            +---------+---------+-------+---------+---------+-------
        D:1 |      33 |       0 |   0.0 |      20 |       0 |   0.0
        D:2 |      82 |      70 |  46.1 |      28 |       2 |   6.7
        D:3 |     217 |     161 |  42.6 |      41 |       2 |   4.7
        D:4 |     445 |      62 |  12.2 |      17 |       1 |   5.6
        D:5 |     210 |       0 |   0.0 |       8 |       0 |   0.0
        D:6 |     413 |     392 |  48.7 |      10 |       2 |  16.7
        D:7 |     269 |       0 |   0.0 |       8 |       0 |   0.0
    Ossuary |       0 |     215 | 100.0 |       0 |      31 | 100.0
            +---------+---------+-------+---------+---------+-------
